 Dungeon Crawl Stone Soup version 0.25-a0-35-g747a2b3 (webtiles) character file.

Game seed: 16914997303739456779, levelgen mode: deterministic

456 silenth the Magician (level 6, -2/45 HPs)
             Began as a Demigod Wizard on Oct 19, 2019.
             Killed by divine providence
             ... invoked by an orc priest
              (11 damage)
             ... on level 5 of the Dungeon.
             The game lasted 00:06:00 (5096 turns).

silenth the Magician (Demigod Wizard)               Turns: 5096, Time: 00:06:02

Health: -2/45      AC:  4    Str: 10    XL:     6   Next: 47%
Magic:  4/14       EV: 17    Int: 26    God:
Gold:   234        SH:  3    Dex: 19    Spells: 4/12 levels left

rFire    . . .     SeeInvis .   f - +0 dagger
rCold    . . .     Gourm    .   (no shield)
rNeg     . . .     Faith    .   a - +0 robe
rPois    +         Spirit   .   d - +0 helmet
rElec    .         Reflect  +   (no cloak)
rCorr    +         Harm     .   n - +0 pair of gloves
MR       .....                  (no boots)
Stlth    +++.......             o - +3 amulet of reflection
HPRegen  0.15/turn              l - ring of poison resistance
MPRegen  0.14/turn              i - ring of resist corrosion

@: agile
A: high mp 1
a: no special abilities


You were on level 5 of the Dungeon.
You were very hungry.

You visited 1 branch of the dungeon, and saw 5 of its levels.

You collected 234 gold pieces.

Inventory:

Hand Weapons
 f - a +0 dagger (weapon)
Armour
 a - a +0 robe (worn)
 b - a +0 hat
 d - a +0 helmet (worn)
 n - a +0 pair of gloves (worn)
Jewellery
 i - a ring of resist corrosion (right hand)
 l - a ring of poison resistance (left hand)
 o - a +3 amulet of reflection (around neck)
Scrolls
 h - a scroll of immolation {unknown}
 k - 2 scrolls of amnesia {unknown}
 p - a scroll of blinking {unknown}
 r - 3 scrolls of remove curse
 u - a scroll of fog {unknown}
Potions
 c - a potion of agility
 j - a potion of resistance {unknown}
 m - a potion of flight
 t - a potion of magic {unknown}
 v - a potion of might {unknown}
 w - a potion of curing {unknown}
 x - a potion of lignification {unknown}
Comestibles
 e - 5 rations


   Skills:
 - Level 1.7 Dodging
 - Level 1.7 Stealth
 + Level 3.8 Spellcasting
 + Level 3.3 Conjurations
 + Level 2.3 Summonings
 + Level 2.1 Translocations
 + Level 2.0 Air Magic
 + Level 2.0 Poison Magic


You had 4 spell levels left.
You knew the following spells:

 Your Spells              Type           Power        Failure   Level  Hunger
a - Magic Dart            Conj           ###.         2%          1    None
b - Blink                 Tloc           N/A          5%          2    #......
c - Call Imp              Summ           ###.....     4%          2    #......
d - Mephitic Cloud        Conj/Pois/Air  ###.....     10%         3    ##.....

Your spell library contained the following spells:

 Spells                   Type           Power        Failure   Level  Hunger
 Slow                     Hex            #.......     13%         2    #......
 Conjure Flame            Conj/Fire      ##......     13%         3    ##.....


Dungeon Overview and Level Annotations

Branches:
Dungeon (5/15)             Temple (0/1) D:4

Shops:
D:5 [


Innate Abilities, Weirdness & Mutations

You have an increased reservoir of magic. (+10% MP)


Message History

Press: ? - help, Shift-Dir - straight line, f - orc
Aim: an orc, wielding a +0 mace (moderately wounded)
The ball explodes into a vile cloud!
The stinking cloud engulfs the orc but does no damage.
The orc is moderately wounded.
The stinking cloud engulfs you but does no damage.
The stinking cloud engulfs the orc priest but does no damage.
You hear an angry hiss.
You barely miss the orc.
The orc is moderately wounded.
The orc is engulfed in noxious fumes.
The orc appears confused.
The orc barely misses the orc priest.
The orc priest miscasts a cantrip.
The orc is engulfed in noxious fumes.
The orc appears confused.
The orc priest misses you.
You hit the orc priest but do no damage.
The orc barely misses you.
The orc priest invokes the aid of Beogh against you.
Beogh smites you!
You die...

.###.#.... ..#.#
......(...#######5##
..........##.W.....#
..........##5#######
.........>##.#
..........##.#
..........##.#
........o°.#.#
.......@5###.###
.......○oWo....#
.........###.#.#
.........# #.#.#
.........# .o. .
.......).# #.#[##
.........# #.#.#
.......... ..# #
.....>. .#


You could see a phantom, an orc priest, 2 orcs and a friendly crimson imp.

Vanquished Creatures
  A hound (D:4)
  3 orc wizards
  Jessica (D:2)
  A worker ant (D:4)
  A gnoll (D:1)
  7 adders
  A worm (D:3)
  3 dart slugs
  2 leopard geckos (D:3)
  14 orcs
  A ball python (D:2)
  5 giant cockroaches
  10 goblins
  11 hobgoblins
  8 jackals
  A quokka (D:4)
  7 bats
  3 frilled lizards
  9 kobolds
  20 rats
109 creatures vanquished.

Vanquished Creatures (collateral kills)
  A centaur (D:5)
  A bullfrog zombie (D:5)
2 creatures vanquished.

Grand Total: 111 creatures vanquished

Notes
Turn   | Place    | Note
-------+----------+-------------------------------------------
     0 | D:1      | silenth the Demigod Wizard began the quest for the Orb.
     0 | D:1      | Reached XP level 1. HP: 14/14 MP: 6/6
    51 | D:1      | Reached skill level 1 in Conjurations
   354 | D:1      | Reached XP level 2. HP: 20/20 MP: 4/8
   419 | D:1      | Reached skill level 3 in Spellcasting
   419 | D:1      | Reached skill level 2 in Conjurations
   804 | D:1      | Learned a level 2 spell: Blink
   807 | D:1      | Learned a level 2 spell: Call Imp
   815 | D:1      | Reached XP level 3. HP: 26/26 MP: 7/10
   820 | D:1      | Learned a level 3 spell: Mephitic Cloud
  1107 | D:2      | Found a stormy altar of Qazlal.
  1151 | D:2      | Noticed Jessica
  1159 | D:2      | Killed Jessica
  1159 | D:2      | Reached skill level 1 in Summonings
  1159 | D:2      | Reached skill level 1 in Translocations
  1311 | D:2      | Found a snail-covered altar of Cheibriados.
  1314 | D:2      | Found a white marble altar of Elyvilon.
  1321 | D:2      | Found a shadowy altar of Dithmenos.
  1323 | D:2      | Found a burning altar of Makhleb.
  1480 | D:2      | Reached XP level 4. HP: 21/33 MP: 9/11
  2099 | D:3      | Reached skill level 1 in Air Magic
  2099 | D:3      | Reached skill level 1 in Poison Magic
  2445 | D:3      | Reached XP level 5. HP: 35/38 MP: 1/13
  2876 | D:3      | Found a sparkling altar of Nemelex Xobeh.
  3527 | D:4      | Reached skill level 3 in Conjurations
  3988 | D:4      | Found a radiant altar of Vehumet.
  3998 | D:4      | Reached skill level 2 in Summonings
  4172 | D:4      | Found a staircase to the Ecumenical Temple.
  4201 | D:4      | Reached XP level 6. HP: 45/45 MP: 3/14
  4466 | D:4      | Reached skill level 2 in Translocations
  4752 | D:5      | Entered Level 5 of the Dungeon
  4760 | D:5      | Found Merox's Antique Armour Shoppe.
  5042 | D:5      | HP: 3/45 [centaur (2)]
  5058 | D:5      | HP: 3/45 [centaur (7)]
  5061 | D:5      | Reached skill level 2 in Air Magic
  5061 | D:5      | Reached skill level 2 in Poison Magic
  5096 | D:5      | Killed from afar by an orc priest

Levels and vault maps discovered:
D:1:      giann_wishing_wells, layout_rooms, minmay_rat_gold_closets
D:2:      minmay_recursive_quarters, layout_basic, grunt_temple_overflow_open,
          bloody_makhleb, uniq_jessica
D:3:      layout_basic, first_ration, nemelex_diamond_rough_becter
D:4:      layout_basic, overflow_temple_1_default, minmay_temple_entry_poolview
D:5:      layout_basic, serial_shops, nicolae_shop_stone

Skill      XL: |  1  2  3  4  5  6 |
---------------+-------------------+-----
Conjurations   | 1 2 3 |  3.3
Spellcasting   | 3 |  3.8
Summonings     | 1 2 |  2.3
Translocations | 1 2 |  2.1
Air Magic      | 1 2 |  2.0
Poison Magic   | 1 2 |  2.0
Dodging        | |  1.7
Stealth        | |  1.7

Action                   |  1- 3 |  4- 6 || total
-------------------------+-------+-------++-------
Melee: Dagger            |    23 |    46 ||    69
 Cast: Magic Dart        |    92 |   200 ||   292
       Mephitic Cloud    |       |     9 ||     9
       Call Imp          |       |     6 ||     6
  Use: Scroll            |     2 |     3 ||     5
       Potion            |       |     3 ||     3
 Stab: Confused          |       |     1 ||     1
  Eat: Chunk             |     2 |    10 ||    12
Armor: Robe              |    12 |    18 ||    30
Dodge: Dodged            |    32 |    61 ||    93
Block: Other             |       |     8 ||     8
       Reflection        |       |     1 ||     1

Table legend:
 A = Non-vault XP
 B = Vault XP
 C = Vault XP percentage of total XP
 D = Non-vault monster count
 E = Vault monster count
 F = Vault count percentage of total count
                 A         B        C        D         E       F
            +---------+---------+-------+---------+---------+-------
      Total |     593 |      59 |   9.0 |      95 |      16 |  14.4
            +---------+---------+-------+---------+---------+-------
        D:1 |      49 |       7 |  12.5 |      21 |       7 |  25.0
        D:2 |      39 |      52 |  57.1 |      18 |       9 |  33.3
        D:3 |     169 |       0 |   0.0 |      38 |       0 |   0.0
        D:4 |     208 |       0 |   0.0 |      16 |       0 |   0.0
        D:5 |     128 |       0 |   0.0 |       2 |       0 |   0.0
            +---------+---------+-------+---------+---------+-------
